 Dungeon Crawl Stone Soup version 0.32-a0-886-g41c5271027 (webtiles) character file.

Game seed: 350591720564181183

938 Lanoc the Shooter (level 8, 0/57 (61) HPs)
             Began as a Coglin Hunter on Apr 2, 2024.
             Was an Initiate of Hepliaklqana.
             Slain by a wight
             ... wielding a +4 dire flail
              (5 damage)
             ... on level 5 of the Dungeon.
             The game lasted 00:04:21 (3026 turns).

Lanoc the Shooter (Coglin Hunter)                   Turns: 3026, Time: 00:04:22

HP:   0/57 (61)     AC:  4    Str: 12    XL:     8   Next: 12%
MP:   8/8           EV: 13    Int:  8    God:    Hepliaklqana [......]
Gold: 164           SH:  0    Dex: 20    Spells: 7/7 levels left

rFire   + . .        a - +2 sling {Berta}
rCold   . . .        d - +0 sling {Xiuying}
rNeg    . . .        k - +1 leather armour {rF+}
rPois   .            (no helmet)
rElec   .            (no cloak)
rCorr   .            (no gloves)
SInv    .            (no boots)
Will    .....        (amulet unavailable)
Stlth   ++           (ring unavailable)
HPRegen 0.29/turn    (ring unavailable)
MPRegen 0.11/turn    (no gizmo)

%: no passive effects
@: drained, revved
A: off-hand wielding, slow wielding, warmup strikes, no jewellery
a: Invent Gizmo, Renounce Religion


You were on level 5 of the Dungeon.
You worshipped Hepliaklqana.
Hepliaklqana was noncommittal.
You visited 1 branch of the dungeon, and saw 5 of its levels.

You collected 164 gold pieces.

Inventory:

Hand Weapons
 a - a +2 sling (weapon) {Berta}
 d - a +0 sling (offhand) {Xiuying}
Armour
 k - a +1 leather armour of fire resistance (worn)
Wands
 c - a wand of flame (23)
 t - a wand of iceblast (5)
Scrolls
 b - a scroll of butterflies
 h - a scroll of fog {unknown}
 i - 5 scrolls of identify {unknown}
 j - 2 scrolls of acquirement {unknown}
 o - 2 scrolls of teleportation {unknown}
 p - a scroll of noise {unknown}
 q - a scroll of brand weapon {unknown}
 r - a scroll of amnesia {unknown}
 u - 2 scrolls of enchant weapon {unknown}
Potions
 e - 2 potions of lignification {unknown}
 f - 3 potions of curing {unknown}
 g - 2 potions of might {unknown}
 l - a potion of magic {unknown}
 m - a potion of ambrosia {unknown}
 n - a potion of invisibility {unknown}
 s - 2 potions of mutation {unknown}
 v - 2 potions of enlightenment {unknown}


   Skills:
 + Level 4.8 Fighting
 * Level 6.9 Ranged Weapons
 + Level 4.4 Dodging
 - Level 0.7 Stealth


You had 7 spell levels left.
You didn't know any spells.
Your spell library was empty.

Dungeon Overview and Level Annotations

Branches:
Dungeon (5/15)
 Temple: D:4-7

Altars:
Hepliaklqana


Innate Abilities, Weirdness & Mutations

You can wield a second weapon in your off-hand.
It takes a long time for you to wield or remove held weapons.
Your first few attacks do less damage.
You cannot equip rings or amulets.


Message History

The sling bullet hits the howler monkey.
The howler monkey is moderately wounded.
You shoot a sling bullet.
The sling bullet hits the howler monkey.
The howler monkey is heavily wounded.
The howler monkey closely misses you.
Fire: a) +2 sling {Berta}
Press: ? - help, Q - select action, (/) - cycle Shift-Dir - straight line, f/p - howler monkey
Aim: a howler monkey (heavily wounded, 64% to hit)
You shoot a sling bullet.
The sling bullet hits the howler monkey!
The howler monkey is almost dead.
You shoot a sling bullet.
The sling bullet hits the howler monkey!
You kill the howler monkey!
A sleepcap comes into view.
The wight hits you with a +4 dire flail.
Fire: a) +2 sling {Berta}
Press: ? - help, Q - select action, (/) - cycle Shift-Dir - straight line, f - wight
Aim: a wight, wielding a +4 dire flail and wearing a +0 robe (lightly damaged, 67% to hit)
You shoot a sling bullet.
The sling bullet hits the wight but does no damage.
The wight is lightly damaged.
You shoot a sling bullet. The sling bullet hits the wight!
The wight is heavily damaged.
The wight hits you with a +4 dire flail!
You feel drained.
Fire: a) +2 sling {Berta}
Press: ? - help, Q - select action, (/) - cycle Shift-Dir - straight line, f/p - wight
Aim: a wight, wielding a +4 dire flail and wearing a +0 robe (heavily damaged, 67% to hit)
You shoot a sling bullet. The sling bullet hits the wight.
The wight is severely damaged.
You shoot a sling bullet.
The sling bullet barely misses the wight.
The wight hits you with a +4 dire flail!
* * * LOW HITPOINT WARNING * * *
You feel drained.
You die...
Hepliaklqana delivers you to your ancestors.

###########+## #
#............##.#
#.../...........
#........f...#
#............#
#...@.)......+
#..)z........# ###
................####..
.....##########....#.#
..... ##...#.# ....
#...#.### ...
#...#.##. ...
#......#. #...#....


You could see a sleepcap and a wight.

Vanquished Creatures
  Grinder (D:3)
  A black bear (D:4)
  An ogre (D:3)
  A scorpion (D:4)
  3 wights (D:5)
  A howler monkey (D:5)
  A hound (D:4)
  A gnoll bouda (D:3)
  2 iguanas
  4 gnolls (D:4)
  8 adders
  4 dart slugs (D:3)
  2 ribbon worms
  5 orcs
  5 ball pythons
  6 endoplasms
  6 giant cockroaches
  9 goblins
  4 hobgoblins
  A jackal (D:3)
  8 kobolds
  9 bats
  3 frilled lizards
  8 rats
  A spectral goblin (D:4)
  A spectral kobold (D:1)
96 creatures vanquished.

Notes
Turn   | Place    | Note
-------+----------+-------------------------------------------
     0 | D:1      | Lanoc the Coglin Hunter began the quest for the Orb.
     0 | D:1      | Reached XP level 1. HP: 16/16 MP: 1/1
   107 | D:1      | Found a faded altar of an unknown god.
   154 | D:1      | Reached XP level 2. HP: 22/22 MP: 2/2
   360 | D:1      | Reached skill level 4 in Ranged Weapons
   511 | D:1      | Reached XP level 3. HP: 28/28 MP: 3/3
   897 | D:2      | Reached XP level 4. HP: 34/34 MP: 4/4
  1460 | D:3      | Noticed Grinder
  1476 | D:3      | Paralysed by Grinder for 3 turns
  1479 | D:3      | Killed Grinder
  1480 | D:3      | Reached skill level 5 in Ranged Weapons
  1480 | D:3      | Reached XP level 5. HP: 26/41 MP: 5/5
  1480 | D:3      | Reached XP level 6. HP: 30/47 MP: 6/6
  2163 | D:4      | Reached XP level 7. HP: 53/53 MP: 7/7
  2280 | D:4      | Reached skill level 6 in Ranged Weapons
  2697 | D:4      | Found a hazy altar of Hepliaklqana.
  2708 | D:4      | Became a worshipper of Hepliaklqana the Forgotten
  2794 | D:5      | Entered Level 5 of the Dungeon
  3020 | D:5      | Reached XP level 8. HP: 46/61 MP: 8/8
  3026 | D:5      | Slain by a wight

Illustrated notes

Levels and vault maps discovered:
D:1:      minmay_arrival_up_and_down, layout_loops_cross,
          dreamdust_ecumenical_altar_drowned_temple, minmay_tetromino_i4
D:2:      layout_basic, amcnicky_mini_rare_corridor_liquid
D:3:      minmay_diamond_boxcup, layout_basic, uniq_grinder
D:4:      layout_rooms, nicolae_hepliaklqana_monster_ancestors, serial_rivers,
          chequers_serial_rivers_small_a, chequers_serial_rivers_small_3,
          chequers_serial_rivers_micro_e, chequers_serial_rivers_room_b
D:5:      layout_basic, kennysheep_nub

Skill      XL: |  1  2  3  4  5  6  7 |
---------------+----------------------+-----
Dodging        | 2 3 4 |  4.4
Ranged Weapons | 4 5 6 |  6.9
Fighting       | 3 4 |  4.8
Stealth        | |  0.7

Action                     |  1- 3 |  4- 6 |  7- 9 || total
---------------------------+-------+-------+-------++-------
   Fire: Sling             |   130 |   200 |   178 ||   508
 Armour: Leather armour    |     9 |    42 |    25 ||    76
  Dodge: Dodged            |     9 |    37 |    14 ||    60

Table legend: (Time is in decaauts)
 A = Elapsed time spent in this place.
 B = Non-inter-level travel time spent in this place.
 C = Inter-level travel time spent in this place.
 D = Time resting spent in this place.
 E = Time spent auto-exploring this place.
 F = Levels seen in this place.
 G = Mean time per level.
                   A        B        C        D        E       F      G
               +--------+--------+--------+--------+--------+-----+--------+
         Total |   3087 |   2952 |    135 |    187 |   2269 |   5 |  617.4 |
       Dungeon |   3087 |   2952 |    135 |    187 |   2269 |   5 |  617.4 |
               +--------+--------+--------+--------+--------+-----+--------+

Top non-repeatable levels by time:
     D:3: 967 daAuts
     D:2: 706 daAuts
     D:1: 626 daAuts
     D:4: 553 daAuts
     D:5: 234 daAuts
